 Dungeon Crawl Stone Soup version 0.31-a0-865-g3d5d91748a (webtiles) character file.

Game seed: 16630604629223243764

110 IdlyInterested the Trooper (level 4, -7/35 (37) HPs)
             Began as a Demonspawn Wanderer on Oct 10, 2023.
             Mangled by Crazy Yiuf
             ... wielding a +3 quarterstaff of chaos
              (11 damage)
             ... while paralysed by Crazy Yiuf
             ... on level 2 of the Dungeon.
             The game lasted 00:05:28 (1761 turns).

IdlyInterested the Trooper (Demonspawn Wanderer)    Turns: 1761, Time: 00:05:29

HP:   -7/35 (37)    AC:  6    Str: 11    XL:     4   Next: 61%
MP:   5/5           EV:  2    Int: 14    God:
Gold: 99            SH:  0    Dex: 15    Spells: 4/5 levels left

rFire   . . .        n - +0 quarterstaff
rCold   . . .        (shield currently unavailable)
rNeg    . . .        j - +0 ring mail
rPois   .            (no helmet)
rElec   .            (no cloak)
rCorr   .            (no gloves)
SInv    .            k - +0 pair of boots
Will    .....        (no amulet) Stlth
                     u - ring of flight
HPRegen 0.25/turn    (no ring)
MPRegen 0.09/turn

%: no passive effects
@: confused, paralysed, flying, drained
A: condensation shield
a: no special abilities


You were on level 2 of the Dungeon.
You visited 1 branch of the dungeon, and saw 2 of its levels.

You collected 99 gold pieces.

Inventory:

Hand Weapons
 a - a +0 dagger
 e - a +0 spear
 n - a +0 quarterstaff (weapon)
 p - a +0 hand axe
 r - a +0 whip
 t - a +0 short sword
Missiles
 h - 19 stones (quivered)
 m - 9 poisoned darts
Armour
 d - a +0 buckler
 j - a +0 ring mail (worn)
 k - a +0 pair of boots (worn)
 l - a +0 leather armour
 s - a +0 robe
Jewellery
 u - a ring of flight (left hand)
Scrolls
 b - a scroll of fear
 c - a scroll of identify {unknown}
 f - 2 scrolls of poison {unknown}
 g - a scroll of torment {unknown}
Potions
 i - a potion of heal wounds {unknown}
 o - a potion of curing {unknown}
 q - 2 potions of enlightenment {unknown}


   Skills:
 * Level 4.0 Fighting
 + Level 0.1 Throwing
 - Level 1.0 Armour
 - Level 1.0 Dodging
 - Level 1.0 Stealth
 - Level 1.7 Shields
 - Level 1.0 Spellcasting
 - Level 2.6 Translocations
 - Level 1.7 Air Magic


You had 4 spell levels left.
You knew the following spells:

 Your Spells              Type           Power      Damage    Failure   Level
a - Apportation           Tloc           16%        N/A       21%         1

Your spell library contained the following spells:

 Spells                   Type           Power      Damage    Failure   Level
 Freeze                   Ice            0%         1d3       52%         1
 Teleport Other           Tloc           8%         N/A       52%         3
 Poisonous Vapours        Pois/Air       6%         N/A       54%         2
 Cigotuvi's Dreadful Rot  Necr/Pois/Air  4%         N/A       58%         2
 Volatile Blastmotes      Fire/Tloc      8%         2d10      71%         3
 Frozen Ramparts          Ice            0%         1d1       88%         3
 Hailstorm                Conj/Ice       0%         3d3       88%         3


Dungeon Overview and Level Annotations

Branches:
Dungeon (2/15)

Altars:

Annotations:
D:2 Crazy Yiuf


Innate Abilities, Weirdness & Mutations

A meltable shield of frost defends you. (SH +4)


Message History

You barely miss the adder.
The adder is lightly wounded.
You feel sick. The adder bites you but does no damage.
You barely miss the adder.
The adder is lightly wounded.
You feel sick.
You are no longer poisoned.
The adder bites you but does no damage. The adder closely misses you.
You closely miss the adder.
The adder is lightly wounded.
The adder barely misses you. The adder bites you.
You miss the adder.
The adder is lightly wounded.
The adder bites you.
You are poisoned.
The adder poisons you!
You sock the adder!
You kill the adder!
You feel very sick.
You feel sick.
You start resting.
You feel sick. x4
You are no longer poisoned.
You start resting.
HP restored.
You aren't carrying any items that you can evoke.
You reach down and open the door.
You closely miss Crazy Yiuf. Crazy Yiuf barely misses you.
You closely miss Crazy Yiuf.
Crazy Yiuf hits you with a +3 quarterstaff of chaos!
You suddenly lose the ability to move!
Crazy Yiuf hits you with a +3 quarterstaff of chaos!
You feel drained.
Crazy Yiuf hits you with a +3 quarterstaff of chaos.
You are confused.
Crazy Yiuf hits you with a +3 quarterstaff of chaos.
* * * LOW HITPOINT WARNING * * *
Crazy Yiuf freezes you.
* * * LOW HITPOINT WARNING * * *
Crazy Yiuf hits you with a +3 quarterstaff of chaos!
You die...

.# #.# #.# #.# #..#
.# #.# #.# ### ####
.###.#####.#
...........# #####
...........# #)..#
#.#######..# #...#
#.### #>## ... ....#
#.# #g# #.#.# #.#
#@## #.#.# #.# ##.#
#.#.#####.## #.##
...........# ##.#
...........# #.##
#.#.######.# ###..#
#.#.# #.# #....#
#.#.######.# ##..##
#.#........####....#


You could see Crazy Yiuf.

Vanquished Creatures
  Jessica (D:2)
  A gnoll (D:1)
  3 adders (D:2)
  A worm (D:2)
  2 dart slugs
  6 ball pythons
  4 bats
  3 endoplasms (D:1)
  A giant cockroach (D:1)
  4 goblins (D:1)
  4 hobgoblins (D:1)
  3 kobolds (D:2)
  4 quokkas
  2 frilled lizards (D:2)
  A rat (D:1)
40 creatures vanquished.

Notes
Turn   | Place    | Note
-------+----------+-------------------------------------------
     0 | D:1      | IdlyInterested the Demonspawn Wanderer began the quest for
                  | the Orb.
     0 | D:1      | IdlyInterested set off with the following items: a +0
                  | dagger, a scroll of fear, a +0 robe, a +0 buckler; and the
                  | following spell memorised: Apportation; and the following
                  | spells available to memorise: Teleport Other, Poisonous
                  | Vapours, Cigotuvi's Dreadful Rot, Volatile Blastmotes.
     0 | D:1      | Reached XP level 1. HP: 15/15 MP: 2/2
   124 | D:1      | Gained mutation: A meltable shield of frost defends you.
                  | (SH +4) [demonic ancestry]
   124 | D:1      | Reached XP level 2. HP: 22/22 MP: 3/3
   348 | D:1      | Reached skill level 2 in Fighting
   368 | D:1      | Reached skill level 1 in Armour
   452 | D:1      | You fall into a shaft and drop 1 floor!
   566 | D:2      | Noticed Jessica
   571 | D:2      | Killed Jessica
   572 | D:2      | Reached skill level 3 in Fighting
   572 | D:2      | Reached skill level 1 in Stealth
   572 | D:2      | Reached XP level 3. HP: 28/29 MP: 4/4
   600 | D:2      | Found a faded altar of an unknown god.
   809 | D:1      | Reached XP level 4. HP: 35/35 MP: 5/5
  1367 | D:2      | Found a runed translucent door.
  1368 | D:2      | Noticed Crazy Yiuf
  1529 | D:2      | Reached skill level 4 in Fighting
  1758 | D:2      | Paralysed by Crazy Yiuf for 4 turns
  1761 | D:2      | Mangled by Crazy Yiuf

Illustrated notes

Levels and vault maps discovered:
D:1:      dpeg_arrival_stone_temple_mockup, layout_basic, minmay_misc_feat_five,
          chequers_serial_rivers_small_a
D:2:      layout_loops_ring, chequers_ecumenical_altar_simple_redux,
          chequers_serial_rivers_micro_d, uniq_crazy_yiuf_cottage, uniq_jessica

Skill      XL: |  1  2  3  4 |
---------------+-------------+-----
Fighting       | 3 4 |  4.0
Armour         | 1 |  1.0
Stealth        | 1 |  1.0
Throwing       | |  0.1
Dodging        | |  1.0
Shields        | |  1.7
Spellcasting   | |  1.0
Translocations | |  2.6
Air Magic      | |  1.7

Action                     |  1- 3 |  4- 6 || total
---------------------------+-------+-------++-------
  Melee: Dagger            |    48 |       ||    48
         Quarterstaff      |    56 |    50 ||   106
  Throw: Stone             |     6 |       ||     6
   Stab: Sleeping          |       |     1 ||     1
 Armour: Robe              |    12 |       ||    12
         Ring mail         |    35 |    39 ||    74
  Dodge: Dodged            |    46 |    27 ||    73
  Block: Buckler           |     9 |       ||     9
         Other             |    12 |     9 ||    21

Table legend: (Time is in decaauts)
 A = Elapsed time spent in this place.
 B = Non-inter-level travel time spent in this place.
 C = Inter-level travel time spent in this place.
 D = Time resting spent in this place.
 E = Time spent auto-exploring this place.
 F = Levels seen in this place.
 G = Mean time per level.
                   A        B        C        D        E       F      G
               +--------+--------+--------+--------+--------+-----+--------+
         Total |   1797 |   1756 |     41 |    188 |   1010 |   2 |  898.5 |
       Dungeon |   1797 |   1756 |     41 |    188 |   1010 |   2 |  898.5 |
               +--------+--------+--------+--------+--------+-----+--------+

Top non-repeatable levels by time:
     D:1: 905 daAuts
     D:2: 891 daAuts
